 Dungeon Crawl Stone Soup version 0.30-a0-989-g0d87f670db (webtiles) character file.

Game seed: 5196595896539460756

21800 DeathPants the Cruncher (level 12, -2/66 HPs)
             Began as a Vine Stalker Gladiator on Apr 2, 2023.
             Was an Initiate of Gozag.
             Asphyxiated
             ... on level 1 of the Lair of Beasts.
             The game lasted 00:34:05 (11399 turns).

DeathPants the Cruncher (Vine Stalker Gladiator)   Turns: 11399, Time: 00:34:05

Health: -2/66      AC: 29    Str: 18    XL:     12   Next: 93%
Magic:  0/22       EV: 10    Int: 10    God:    Gozag
Gold:   2084       SH:  0    Dex: 18    Spells: 24/24 levels left

rFire   . . .      SeeInvis .    a - +2 quarterstaff (protect)
rCold   . . .      Faith    .    (shield currently unavailable)
rNeg    . . .      Spirit   +    d - +6 chain mail "Xedoz" {Stlth+}
rPois   .          Reflect  .    c - +1 helmet
rElec   .          Rampage  .    h - +1 cloak
rCorr   .                        (no gloves)
Will    +....                    y - +1 pair of boots Stlth
                                 (no amulet)
HPRegen 1.11/turn                (no ring)
MPRegen 0.18/turn                (no ring)

@: mighty, lethally poisoned (-2 -> -14), gold aura, under a protective aura
A: fangs 3, regeneration 1, magic shield, antimagic bite, no potion heal 2
a: Renounce Religion, Potion Petition, Call Merchant, Bribe Branch


You were on level 1 of the Lair of Beasts.
You worshipped Gozag.
Gozag was most pleased with you.
You visited 3 branches of the dungeon, and saw 15 of its levels.
You also visited: Ossuary.

You collected 2803 gold pieces.
You spent 633 gold pieces at shops.
You paid 86 gold pieces to Gozag.

Inventory:

Hand Weapons
 a - a +2 quarterstaff of protection (weapon)
 b - the +11 hammer "Orb Guardian's Foe" {flame, *Rage rC+ Dex+3}
   (You found it on level 2 of the Dungeon)

   Dex:       It affects your dexterity (+3).
   rC:        It protects you from cold.
   *Rage:     It berserks you when you make melee attacks (+20% chance).
 g - a +1 quarterstaff
 m - a +0 eveningstar
Missiles
 e - a javelin
 k - 11 boomerangs
 n - 4 poisoned darts
 H - 6 curare-tipped darts
 L - 2 throwing nets (quivered)
Armour
 c - a +1 helmet (worn)
 d - the +6 chain mail "Xedoz" (worn) {Stlth+}
   (You found it on level 7 of the Dungeon)

   Stlth:     It makes you more stealthy.
 h - a +1 cloak (worn)
 r - a +0 scale mail
 y - a +1 pair of boots (worn)
 C - the +1 robe of Edidit {rElec rC+ Will+}
   (You found it on level 8 of the Dungeon)

   rC:        It protects you from cold.
   rElec:     It insulates you from electricity.
   Will:      It increases your willpower.
Magical Staves
 p - a staff of death
Jewellery
 v - a ring of see invisible
 F - a ring of willpower
Wands
 t - a wand of paralysis (21)
 B - a wand of iceblast (18)
 G - a wand of flame (12)
Scrolls
 j - 9 scrolls of teleportation
 u - a scroll of blinking
 x - 4 scrolls of enchant weapon
 D - a scroll of enchant armour
 I - 2 scrolls of identify
 J - a scroll of fog
 M - a scroll of amnesia
Potions
 f - a potion of might
 i - 4 potions of attraction
 l - 4 potions of haste
 o - 3 potions of mutation
 q - 6 potions of curing
 s - 2 potions of cancellation
 w - 3 potions of flight
 z - a potion of brilliance
 A - a potion of magic
 E - a potion of lignification
 N - a potion of resistance {unknown}
Miscellaneous
 K - a tin of tremorstones (2/2)


   Skills:
 + Level 9.2 Fighting
 * Level 12.9 Staves
 - Level 1.7 Throwing
 - Level 4.5 Armour
 - Level 5.4 Dodging
 - Level 6.5 Spellcasting
 + Level 7.8 Necromancy


You had 24 spell levels left.
You didn't know any spells.
Your spell library contained the following spells:

 Spells                   Type           Power      Damage    Failure   Level
 Sandblast                Erth           6%         2d5       94%         1
 Summon Small Mammal      Summ           12%        N/A       94%         1
 Passwall                 Tmut/Erth      2%         N/A       98%         2
 Call Canine Familiar     Summ           3%         N/A       100%        3
 Frozen Ramparts          Ice            6%         1d1       100%        3
 Portal Projectile        Hex/Tloc       6%         N/A       100%        3
 Stone Arrow              Conj/Erth      6%         3d7       100%        3
 Summon Guardian Golem    Hex/Summ       3%         N/A       100%        3
 Ice Form                 Ice/Tmut       3%         N/A       100%        4
 Leda's Liquefaction      Hex/Erth       1%         N/A       100%        4
 Summon Ice Beast         Ice/Summ       3%         N/A       100%        4
 Summon Mana Viper        Hex/Summ       3%         N/A       100%        5
 Monstrous Menagerie      Summ           1%         N/A       100%        7


Dungeon Overview and Level Annotations

Branches:
Dungeon (13/15)            Temple (1/1) D:5            Lair (1/5) D:11
    Orc (0/2) D:9         Ossuary (visited)
 Vaults: D:13-14

Altars:
Ashenzari
Cheibriados
Dithmenos
Elyvilon
Fedhas
Gozag
Kikubaaqudgha
Makhleb
Nemelex Xobeh
Okawaru
Qazlal
Ru
Sif Muna
Trog
Uskayaw
Vehumet
Wu Jian
Xom
Yredelemnul
Zin
The Shining One

Shops:
D:4 =?(   D:6 ?   D:7 [*

Annotations:
Lair:1 Gastronok


Innate Abilities, Weirdness & Mutations

You have razor-sharp teeth.
Your natural rate of healing is unusually fast.
When hurt, damage is shared between your health and your magic reserves.
Your bite disrupts and absorbs the magic of your enemies.
Potions cannot restore your health.


Message History

You bludgeon Amaemon!! Your bite misses Amaemon.
Amaemon is heavily wounded.
You feel very sick. The scorpion barely misses you.
The scorpion stings you but does no damage. x2
You sock Amaemon! You bite Amaemon.
Amaemon's magic leaks into the air.
You drain his magic.
You feel invigorated.
Amaemon is severely wounded.
You feel sick. Amaemon hits you but does no damage.
You are more poisoned.
Amaemon barely misses you. x2
The orange demon stings you but does no damage.
Gastronok bites you but does no damage.
You thump Amaemon! Your bite misses Amaemon.
Amaemon is almost dead.
You feel very sick.
The scorpion stings you but does no damage.
The scorpion closely misses you. The scorpion barely misses you.
The orange demon stings you but does no damage.
Amaemon falters for a moment.
You bludgeon Amaemon!!
You kill Amaemon!
The scorpion disappears in a puff of smoke! x3
You feel very sick.
You hit Gastronok.
Gastronok is heavily wounded.
You feel very sick.
The orange demon stings you but does no damage.
Gastronok bites you!!
* * * LOW HITPOINT WARNING * * *
You sock Gastronok!
Gastronok is severely wounded.
* * * LOW HITPOINT WARNING * * *
You feel very sick. The orange demon stings you from afar!
* * * LOW HITPOINT WARNING * * *
You are more poisoned.
You have difficulty breathing.
You die...
Your body crumbles into a pile of gold.

..........(.....
...(............
................
................
................
.......4........
.......w§...:...
#..@....... #
#..§...#.##
#..###.$....#
#...........#
...###......#.. #
##......... #.. .###
#P.......P. #...
...#P#####......#.+
#...
##................#+
###...#


You could see Gastronok (swift, magic disrupted) and an orange demon (curare).

Vanquished Creatures
  A rakshasa (D:12)
  Harold (D:10)
  A catoblepas (D:12)
  2 two-headed ogres
  Amaemon (Lair:1)
  Lodul (D:10)
  A manticore (D:11)
  2 deep elf pyromancers
  A cyclops (D:12)
  Maurice (D:9)
  3 gargoyles
  A black mamba (Lair:1)
  An unseen horror (D:12)
  Psyche (D:9)
  A komodo dragon (D:11)
  2 trolls
  A queen bee (D:5)
  Grinder (D:3)
  2 hornets
  7 slime creatures
  5 shadows
  20 yaks
  A wraith (D:11)
  A water elemental (D:12)
  A wyvern (D:7)
  2 vampires
  Grum (D:9)
  A steam dragon (D:8)
  Menkaure (Ossuary)
  5 acid dragons
  4 water moccasins
  A sky beast (D:6)
  3 orc warriors
  2 black bears
  5 ice beasts
  11 ogres
  2 wolves (D:9)
  7 centaurs
  4 phantoms
  2 bullfrogs
  An elf zombie (Ossuary)
  5 scorpions
  17 wights
  A troll zombie (D:9)
  3 killer bees (D:10)
  2 howler monkeys
  4 electric eels (D:12)
  A human zombie (Ossuary)
  3 jellies
  3 centaur zombies (Ossuary)
  4 orc priests
  Crazy Yiuf (D:2)
  A sleepcap (D:6)
  10 orc wizards
  7 ogre zombies
  7 mummies
  9 adders
  A white imp (D:6)
  3 adder zombies (Ossuary)
  A dart slug (D:3)
  40 orcs
  6 ball pythons
  3 endoplasms (D:2)
  5 giant cockroaches
  8 goblins
  5 hobgoblins
  A jackal (D:5)
  7 quokkas
  5 bats
  3 frilled lizards
  3 goblin zombies
  2 hobgoblin skeletons (D:9)
  9 hobgoblin zombies
  5 kobolds
  4 kobold zombies
  2 orc skeletons (D:9)
  12 orc zombies
  6 quokka zombies (Ossuary)
  4 rats
  3 rat zombies (Ossuary)
328 creatures vanquished.

Vanquished Creatures (others)
  A troll (D:12)
  An ogre (D:5)
  2 iguanas (D:5)
  An adder (D:5)
  5 fungi (D:3)
  27 plants
37 creatures vanquished.

Grand Total: 365 creatures vanquished

Notes
Turn   | Place    | Note
-------+----------+-------------------------------------------
     0 | D:1      | DeathPants the Vine Stalker Gladiator began the quest for
                  | the Orb.
     0 | D:1      | Reached XP level 1. HP: 11/11 MP: 2/2
     9 | D:1      | Noticed a centaur
   199 | D:1      | Reached XP level 2. HP: 15/15 MP: 3/3
   223 | D:2      | Reached skill level 3 in Staves
   981 | D:2      | Reached XP level 3. HP: 18/18 MP: 4/4
  1413 | D:2      | Found a runed translucent door.
  1414 | D:2      | Noticed Crazy Yiuf
  1420 | D:2      | Killed Crazy Yiuf
  1421 | D:2      | Reached skill level 1 in Armour
  1421 | D:2      | Gained mutation: Your natural rate of healing is unusually
                  | fast. [Vine Stalker growth]
  1421 | D:2      | Reached XP level 4. HP: 19/23 MP: 3/5
  1425 | D:2      | Identified the +11 hammer "Orb Guardian's Foe" {flame,
                  | *Rage rC+ Dex+3}
  1524 | D:3      | Noticed an ogre
  1538 | D:3      | Killed an ogre
  1539 | D:3      | Reached XP level 5. HP: 27/27 MP: 6/6
  1577 | D:3      | Reached skill level 4 in Staves
  1624 | D:3      | Found a faded altar of an unknown god.
  1699 | D:3      | Found an ornate altar of the Wu Jian Council.
  1927 | D:3      | Noticed Grinder
  1930 | D:3      | Paralysed by Grinder for 5 turns
  1941 | D:3      | Paralysed by Grinder for 4 turns
  1948 | D:3      | Killed Grinder
  1949 | D:3      | Reached XP level 6. HP: 11/32 MP: 7/7
  2275 | D:4      | Found Fietosma's Weapon Shop.
  2357 | D:4      | Reached XP level 7. HP: 16/36 MP: 3/8
  2432 | D:5      | Entered Level 5 of the Dungeon
  2502 | D:4      | Reached skill level 5 in Staves
  2676 | D:4      | Found Vevo's Magic Scroll Boutique.
  2679 | D:4      | Found Kyschu Kizoq's Jewellery Shoppe.
  2682 | D:4      | Bought a scroll of identify for 20 gold pieces
  2682 | D:4      | Bought a scroll of identify for 20 gold pieces
  2682 | D:4      | Bought a scroll of identify for 20 gold pieces
  2842 | D:5      | Found a shimmering altar of Xom.
  2988 | D:6      | Found a sand-covered staircase.
  3010 | D:6      | Gained mutation: You have razor-sharp teeth. [Vine Stalker
                  | growth]
  3010 | D:6      | Reached XP level 8. HP: 15/42 MP: 9/9
  3036 | Ossuary  | Entered an ossuary
  3213 | Ossuary  | Reached skill level 6 in Staves
  3275 | Ossuary  | Noticed Menkaure
  3288 | Ossuary  | Killed Menkaure
  3680 | D:5      | Found a staircase to the Ecumenical Temple.
  3699 | Temple   | Entered the Ecumenical Temple
  3722 | Temple   | Became a worshipper of Gozag Ym Sagoz the Greedy
  4174 | D:5      | Reached skill level 7 in Staves
  4385 | D:5      | Reached XP level 9. HP: 46/46 MP: 10/10
  4423 | D:5      | Noticed a two-headed ogre
  4438 | D:5      | a yak changed into a queen bee
  4438 | D:5      | Noticed a queen bee
  4445 | D:5      | Killed a two-headed ogre
  4446 | D:5      | Reached skill level 5 in Fighting
  4446 | D:5      | Reached skill level 5 in Dodging
  4452 | D:5      | Killed a queen bee
  4452 | D:5      | HP: 1/47 [poisoned by a queen bee]
  4781 | D:6      | Reached skill level 8 in Staves
  4965 | D:6      | Reached skill level 1 in Spellcasting
  4965 | D:6      | Reached skill level 1 in Necromancy
  5181 | D:6      | Found Uxamn's Magic Scroll Shop.
  5193 | D:6      | Bought a scroll of identify for 24 gold pieces
  5596 | D:6      | Reached XP level 10. HP: 53/53 MP: 13/13
  5689 | D:6      | HP: 1/44 [wight/+4 long sword (2)]
  5854 | D:7      | Found Riesuube's Antique Armour Emporium.
  5966 | D:7      | Found a sacrificial altar of Ru.
  6062 | D:8      | Reached skill level 9 in Staves
  6298 | D:8      | Identified the +1 robe of Edidit {rElec rC+ Will+}
  6341 | D:7      | Bought a spiked helmet for 285 gold pieces
  6341 | D:7      | Identified the +0 helmet of Vutoal Nuss {Harm rC+++ Dex-3}
                  | (You bought it in a shop on level 7 of the Dungeon)
  6363 | D:7      | Found an ancient bone altar of Kikubaaqudgha.
  6490 | D:7      | Found Ixtor's Assorted Antiques.
  6498 | D:7      | Bought a scroll of enchant weapon for 172 gold pieces
  6498 | D:7      | Bought a scroll labelled FAASAMOFEB for 23 gold pieces
  6498 | D:7      | Bought a potion of flight for 69 gold pieces
  6523 | D:7      | Found a shadowy altar of Dithmenos.
  6575 | D:7      | Found a sparkling altar of Nemelex Xobeh.
  6697 | D:7      | Found a glowing golden altar of the Shining One.
  6697 | D:7      | Found a radiant altar of Vehumet.
  6705 | D:7      | Found a faded altar of an unknown god.
  6707 | D:7      | Found a stormy altar of Qazlal.
  6709 | D:7      | Found a faded altar of an unknown god.
  6716 | D:7      | Identified the +6 chain mail "Xedoz" {Stlth+}
  6939 | D:9      | Found a blossoming altar of Fedhas.
  6981 | D:9      | Noticed Grum
  6992 | D:9      | Killed Grum
  7004 | D:9      | Paralysed by a hornet for 3 turns
  7009 | D:9      | Reached skill level 10 in Staves
  7009 | D:9      | Reached XP level 11. HP: 38/58 MP: 11/18
  7067 | D:9      | Found a staircase to the Orcish Mines.
  7391 | D:9      | Reached skill level 5 in Spellcasting
  7420 | D:9      | Noticed Psyche
  7431 | D:9      | Killed Psyche
  7432 | D:9      | Reached skill level 5 in Necromancy
  7464 | D:9      | Noticed Maurice
  7479 | D:9      | Killed Maurice
  7734 | D:8      | Noticed a deep elf pyromancer
  7818 | D:8      | Killed a deep elf pyromancer
  8070 | D:8      | Found a bloodstained altar of Trog.
  8331 | D:10     | Entered Level 10 of the Dungeon
  8431 | D:10     | Reached skill level 11 in Staves
  8481 | D:10     | Noticed Lodul
  8498 | D:10     | Killed Lodul
  8635 | D:11     | Noticed a manticore
  8720 | D:10     | Reached XP level 12. HP: 35/64 MP: 13/22
  8862 | D:10     | Noticed Harold
  8881 | D:10     | Killed Harold
  9184 | D:11     | Found a staircase to the Lair.
  9532 | D:11     | Noticed a two-headed ogre
  9541 | D:11     | Killed a two-headed ogre
  9542 | D:11     | Reached skill level 12 in Staves
  9716 | D:12     | HP: 1/97 [acid dragon/splash of acid (7)]
  9725 | D:12     | HP: 2/97 [vampire (2)]
 10105 | D:13     | Noticed a rakshasa
 10105 | D:13     | Noticed a centaur warrior
 10137 | D:12     | Killed a rakshasa
 10722 | D:12     | Noticed a catoblepas
 10739 | D:12     | Killed a catoblepas
 10784 | D:12     | Identified the +7 long sword of Valiance {holy, rPois rN++
                  | Str+2 Dex-2}
 11299 | Lair:1   | Entered Level 1 of the Lair of Beasts
 11372 | Lair:1   | Noticed Gastronok
 11378 | Lair:1   | Noticed Amaemon
 11397 | Lair:1   | Killed Amaemon
 11399 | Lair:1   | HP: 1/66 [orange demon[Amaemon] (3)]
 11399 | Lair:1   | Asphyxiated

Illustrated notes

Levels and vault maps discovered:
D:1:      evilmike_arrival_come_back, layout_loops_ring
D:2:      layout_basic, serial_bayou_pond_a, uniq_crazy_yiuf_cottage
D:3:      layout_rooms, old_standard_altar,
          shapermc_ecumenical_altar_mp_urbaneastern, uniq_grinder
D:4:      nicolae_cairo_tiling, layout_rooms, serial_shops, shop,
          nicolae_shop_behind_doors, nicolae_shop_waterfront,
          palyth_stone_intersect
D:5:      kennysheep_big_flooded_room, layout_layer_cave, xom_confusion_cloud,
          minmay_temple_entry_junction_2
D:6:      layout_basic, serial_shops, shop_scrolls, nicolae_ossuary_entry_giza
D:7:      layout_rooms, chequers_temple_overflow_minitemple,
          general_overflow_altar, nemelex_spade_bored_becter,
          nicolae_kikubaaqudgha_miasma_corner,
          nicolae_ru_great_annihilating_truth, serial_shops, shop,
          nicolae_square_shop
D:8:      layout_rooms, trog_three_pillars_becter
D:9:      layout_cave_pools, mainiacjoe_overflow_brackets, zombieorc1_lemuel,
          enter_bailey_4, uniq_psyche, uniq_grum, uniq_maurice
D:10:     layout_rooms, uniq_lodul, uniq_harold
D:11:     layout_roguey, david_lair_shrubbed
D:12:     layout_basic
D:13:     layout_rooms, grunt_vaults_entry_fortified, serial_rivers,
          chequers_serial_rivers_micro_c, chequers_serial_rivers_large_a,
          chequers_serial_rivers_room_b, chequers_serial_rivers_large_b,
          chequers_serial_rivers_room_a, chequers_serial_rivers_small_3
Temple:   nicolae_temple_ecumenical_triangle
Lair:1:   layout_regular_city, beast_lair_carwin_7, grunt_megastairs_5,
          infiniplex_staircase_pool, lemuel_fruit_tree, uniq_amaemon,
          uniq_maggie, uniq_gastronok, uniq_nergalle

Skill      XL: |  1  2  3  4  5  6  7  8  9 10 11 12 |
---------------+-------------------------------------+-----
Fighting       | 2 3 4 5 6 8 9 |  9.2
Staves         | 3 4 5 7 8 10 11 12 | 12.9
Armour         | 1 2 3 4 |  4.5
Dodging        | 3 4 5 |  5.4
Spellcasting   | 1 4 6 |  6.5
Necromancy     | 1 4 6 7 |  7.8
Throwing       | |  1.7

Action                     |  1- 3 |  4- 6 |  7- 9 | 10-12 || total
---------------------------+-------+-------+-------+-------++-------
  Melee: Quarterstaff      |    62 |    68 |   249 |   800 ||  1179
         Bite              |     7 |    21 |    67 |   302 ||   397
         Mace              |       |     7 |       |       ||     7
  Throw: Throwing net      |       |     2 |     4 |     1 ||     7
         Javelin           |       |     1 |     1 |       ||     2
         Boomerang         |       |       |       |     3 ||     3
         Dart              |       |       |       |     1 ||     1
  Evoke: Wand              |       |       |       |     2 ||     2
    Use: Scroll            |     6 |     3 |    14 |     7 ||    30
         Potion            |       |       |     1 |     5 ||     6
   Stab: Sleeping          |       |     1 |       |       ||     1
         Held in net/web   |       |       |     5 |     3 ||     8
         Paralysed         |       |       |       |     2 ||     2
         Distracted        |       |       |       |     3 ||     3
         Confused          |       |       |       |     1 ||     1
         Invisible         |       |       |       |     1 ||     1
         Petrifying        |       |       |       |     1 ||     1
 Armour: Leather armour    |    23 |    19 |     3 |       ||    45
         Scale mail        |       |       |    91 |    67 ||   158
         Chain mail        |       |       |       |   477 ||   477
  Dodge: Dodged            |    41 |    50 |   108 |   369 ||   568

Table legend: (Time is in decaauts)
 A = Elapsed time spent in this place.
 B = Non-inter-level travel time spent in this place.
 C = Inter-level travel time spent in this place.
 D = Time resting spent in this place.
 E = Time spent auto-exploring this place.
 F = Levels seen in this place.
 G = Mean time per level.
                   A        B        C        D        E       F      G
               +--------+--------+--------+--------+--------+-----+--------+
         Total |  11285 |  10841 |    444 |    551 |   7015 |  16 |  705.3 |
       Dungeon |  10754 |  10323 |    431 |    551 |   6770 |  13 |  827.2 |
        Temple |     36 |     24 |     12 |      0 |      9 |   1 |   36.0 |
          Lair |     91 |     91 |      0 |      0 |     50 |   1 |   91.0 |
       Ossuary |    402 |    402 |      0 |      0 |    186 |   1 |  402.0 |
               +--------+--------+--------+--------+--------+-----+--------+

Top non-repeatable levels by time:
    D:12: 1579 daAuts
     D:5: 1297 daAuts
     D:6: 1265 daAuts
     D:9: 1044 daAuts
     D:2: 865 daAuts
     D:7: 861 daAuts
     D:3: 721 daAuts
     D:1: 655 daAuts
    D:10: 633 daAuts
    D:11: 616 daAuts
     D:4: 601 daAuts
     D:8: 598 daAuts
 Ossuary: 402 daAuts
  Lair:1: 91 daAuts
  Temple: 36 daAuts
